 Dungeon Crawl Stone Soup version 0.27-a0-59-gfbafd837a3 (webtiles) character file.

Game seed: 17282131877107164612

16891 Borgoz the Basher (level 12, 0/77 HPs)
             Began as a Gargoyle Gladiator on Jan 8, 2021.
             Was an Elder of Ashenzari.
             Slain by a large abomination (25 damage)
             ... on level 11 of the Dungeon.
             The game lasted 00:18:36 (13116 turns).

Borgoz the Basher (Gargoyle Gladiator)             Turns: 13116, Time: 00:18:37

Health: 0/77       AC: 27    Str: 18    XL:     12   Next: 42%
Magic:  12/12      EV: 17    Int: 10    God:    Ashenzari [****..]
Gold:   172        SH:  0    Dex: 15    Spells: 11/11 levels left

rFire    + . .     SeeInvis +   v - +1 flail (venom) (curse)
rCold    . . .     Faith    .   (no shield)
rNeg     + . .     Spirit   .   w - +1 ring mail {rF+} (curse)
rPois    ∞         Reflect  .   c - +0 helmet
rElec    +         Harm     .   x - +0 cloak (curse)
rCorr    +         Rampage  .   a - +0 pair of gloves (curse)
Will     .....     Clarity  +   p - +0 pair of boots (curse)
Stlth    +.........             (no amulet)
HPRegen  0.22/turn              D - ring of resist corrosion
MPRegen  0.13/turn              y - +4 ring of protection (curse)

@: no status effects
A: negative energy resistance 1, electricity resistance, unbreathing,
petrification resistance, miasma immunity, AC +8
a: Renounce Religion, Curse Item, Scrying


You were on level 11 of the Dungeon.
You worshipped Ashenzari.
Ashenzari was greatly pleased with you.
You visited 2 branches of the dungeon, and saw 13 of its levels.
You visited 1 bazaar.

You collected 801 gold pieces.
You spent 629 gold pieces at shops.

Inventory:

Hand Weapons
 v - a cursed +1 flail of venom (weapon)
Missiles
 d - 3 throwing nets (quivered)
Armour
 a - a cursed +0 pair of gloves (worn)
 c - a +0 helmet (worn)
 p - a cursed +0 pair of boots (worn)
 w - a cursed +1 ring mail of fire resistance (worn)
 x - a cursed +0 cloak (worn)
 G - a +0 troll leather armour
Jewellery
 y - a cursed +4 ring of protection (right hand)
 D - a ring of resist corrosion (left hand)
Wands
 b - a wand of acid (11)
 j - a wand of polymorph (11)
 q - a wand of iceblast (7)
 u - a wand of digging (4)
 A - a wand of disintegration (18)
Scrolls
 e - 5 scrolls of remove curse
 g - 3 scrolls of amnesia {unknown}
 h - a scroll of noise {unknown}
 l - 9 scrolls of teleportation
 n - 3 scrolls of fog
 s - 3 scrolls of magic mapping {unknown}
 t - a scroll of enchant weapon {unknown}
 B - a scroll of silence {unknown}
 C - 2 scrolls of enchant armour {unknown}
 E - a scroll of torment {unknown}
 J - a scroll of identify
Potions
 f - 6 potions of curing
 i - 5 potions of heal wounds
 k - 4 potions of haste
 m - a potion of ambrosia
 o - a potion of magic
 r - a potion of brilliance
 z - a potion of cancellation
 F - a potion of invisibility {unknown}
 H - a potion of might
 I - a potion of berserk rage


   Skills:
 + Level 10.1 Fighting
 * Level 12.8(15.9) Maces & Flails
 - Level 1.7 Throwing
 + Level 9.7(11.9) Armour
 + Level 8.0(10.3) Dodging


You had 11 spell levels left.
You didn't know any spells.
Your spell library contained the following spells:

 Spells                   Type           Power        Failure   Level
 Beastly Appendage        Tmut           0%           50%         1
 Wereblood                Tmut           0%           65%         2
 Spider Form              Tmut/Pois      0%           86%         3
 Ice Form                 Ice/Tmut       0%           99%         4
 Blade Hands              Tmut           0%           100%        5


Dungeon Overview and Level Annotations

Branches:
Dungeon (12/15)            Temple (1/1) D:6            Lair (0/6) D:9
    Orc (0/2) D:11

Altars:
Ashenzari
Cheibriados
Dithmenos
Elyvilon
Fedhas
Gozag
Hepliaklqana
Kikubaaqudgha
Makhleb
Nemelex Xobeh
Okawaru
Qazlal
Ru
Sif Muna
Trog
Uskayaw
Vehumet
Wu Jian
Xom
Yredelemnul
Zin
The Shining One
Beogh

Annotations:
D:5 2 transporters, Ibis19's ghost, novice MiBe
D:9 2 transporters, wakim's ghost, journeyman TrFi


Innate Abilities, Weirdness & Mutations

You are resistant to torment.
Your stone body is resilient. (AC +8)
You are immune to poison.
You resist negative energy. (rN+)
You are resistant to electric shocks. (rElec)
You can survive without breathing.
You are immune to petrification.
You are immune to miasma.


Message History

The large abomination misses you.
You thump the large abomination!
The large abomination is moderately damaged.
You hit the large abomination but do no damage.
The large abomination is moderately damaged.
The large abomination hits you!!
You hit the large abomination.
The large abomination is moderately damaged.
You hit the large abomination.
The large abomination is heavily damaged.
The large abomination hits you!
You thump the large abomination!
The large abomination is severely damaged.
The large abomination barely misses you.
You hit the large abomination.
The large abomination is severely damaged.
You hit the large abomination but do no damage.
The large abomination is severely damaged.
The large abomination hits you!!
You die...

#.# # #.#####
#########...... ###
#..............
#.###.#######.#####
#.##...............
#.##....##.........
#.##.....+.........
#.@X..#+##.........
#.###..............
#.# #.............#
#.# #x....#........
#.# #.....+.......#
#.###.....####....+
#.##....>#####....#
#.##......>..#....#
#.##.........#....#


You could see a large abomination.

Vanquished Creatures
  A boulder beetle (D:12)
  2 hydras (D:11)
  2 two-headed ogres
  A wizard (D:12)
  A manticore (D:12)
  A centaur zombie (D:11)
  2 large abominations (D:11)
  2 komodo dragons
  A troll (D:12)
  Sigmund (D:5)
  A wyvern (D:12)
  A vampire (D:11)
  A wraith (D:12)
  20 yaks
  A steam dragon (D:12)
  Menkaure (D:5)
  Edmund (D:5)
  4 orc warriors
  4 ice beasts
  5 sky beasts
  5 black bears
  A necrophage (D:8)
  2 phantoms
  14 ogres
  3 centaurs
  3 big kobolds
  7 bullfrogs
  5 small abominations (D:11)
  2 wyvern skeletons
  6 scorpions
  8 wights
  A howler monkey (D:4)
  6 electric eels (D:10)
  11 hounds
  A jelly (D:8)
  A quasit (D:8)
  8 orc priests
  10 orc wizards
  5 bullfrog skeletons
  A centaur skeleton (D:4)
  2 iguanas
  Terence (D:2)
  8 worker ants
  Natasha (thrice) (D:3)
  2 killer bee zombies
  A hound zombie (D:10)
  2 hound skeletons
  A worker ant zombie (D:11)
  12 gnolls
  14 adders
  A howler monkey skeleton (D:4)
  2 shadow imps
  3 white imps
  An ooze (D:1)
  2 adder skeletons
  4 worms
  3 dart slugs
  6 leopard geckos
  33 orcs
  2 ball pythons
  7 bats
  6 giant cockroaches
  10 goblins
  6 hobgoblins
  13 jackals
  19 kobolds
  6 quokkas
  9 frilled lizards
  A leopard gecko skeleton (D:4)
  A quokka zombie (D:9)
  10 rats
344 creatures vanquished.

Vanquished Creatures (others)
  A deep elf mage (D:12)
  2 slime creatures (D:12)
  A sky beast (D:12)
4 creatures vanquished.

Grand Total: 348 creatures vanquished

Notes
Turn   | Place    | Note
-------+----------+-------------------------------------------
     0 | D:1      | Borgoz the Gargoyle Gladiator began the quest for the Orb.
     0 | D:1      | Reached XP level 1. HP: 12/12 MP: 1/1
   130 | D:1      | Reached XP level 2. HP: 18/18 MP: 2/2
   203 | D:1      | Reached skill level 1 in Armour
   341 | D:1      | Reached XP level 3. HP: 22/22 MP: 3/3
   803 | D:2      | Noticed Terence
   815 | D:2      | Killed Terence
   816 | D:2      | Reached XP level 4. HP: 25/27 MP: 4/4
   841 | D:2      | Reached skill level 4 in Maces & Flails
   909 | D:2      | Reached XP level 5. HP: 28/32 MP: 5/5
  1213 | D:2      | Found a broken altar of Ashenzari.
  1217 | D:2      | Became a worshipper of Ashenzari the Shackled
  1549 | D:3      | Noticed Natasha
  1559 | D:3      | Killed Natasha
  1561 | D:3      | Noticed Natasha
  1568 | D:3      | Killed Natasha
  1613 | D:3      | Noticed Natasha
  1621 | D:3      | Killed Natasha
  1622 | D:3      | Reached XP level 6. HP: 27/37 MP: 6/6
  1890 | D:4      | Reached skill level 5 in Maces & Flails
  2188 | D:4      | Found a sacrificial altar of Ru.
  2239 | D:4      | Reached XP level 7. HP: 43/43 MP: 7/7
  2838 | D:5      | Entered Level 5 of the Dungeon
  2925 | D:5      | Noticed Menkaure
  2935 | D:5      | Killed Menkaure
  2936 | D:5      | Reached skill level 6 in Maces & Flails
  2974 | D:5      | Reached XP level 8. HP: 26/48 MP: 8/8
  2980 | D:5      | Found a shimmering blue altar of Sif Muna.
  3006 | D:5      | Reached skill level 5 in Fighting
  3194 | D:5      | Found a hazy altar of Hepliaklqana.
  3194 | D:5      | Noticed Edmund
  3212 | D:5      | Killed Edmund
  3287 | D:5      | Noticed Sigmund
  3294 | D:5      | Killed Sigmund
  3295 | D:5      | Reached skill level 7 in Maces & Flails
  3364 | D:5      | Found a transporter.
  3368 | D:5      | Found a transporter.
  3370 | D:5      | Noticed Ibis19's ghost (novice MiBe)
  3371 | D:5      | Noticed a hornet
  3417 | D:5      | Reached * piety under Ashenzari
  3568 | D:5      | Reached skill level 5 in Armour
  3892 | D:5      | Found a shadowy altar of Dithmenos.
  3906 | D:5      | Reached XP level 9. HP: 49/55 MP: 9/9
  4403 | D:6      | Reached skill level 8 in Maces & Flails
  4509 | D:6      | Reached skill level 5 in Dodging
  4622 | D:6      | Found a staircase to the Ecumenical Temple.
  4729 | Temple   | Entered the Ecumenical Temple
  5033 | D:6      | Found an ornate altar of the Wu Jian Council.
  5144 | D:6      | Found an iron altar of Okawaru.
  5781 | D:7      | Found a roughly hewn altar of Beogh.
  5835 | D:7      | Reached skill level 9 in Maces & Flails
  5989 | D:7      | Reached XP level 10. HP: 63/63 MP: 10/10
  6048 | D:7      | Reached ** piety under Ashenzari
  6070 | D:7      | Identified the cursed +0 robe "Koiza" {*Slow Str+6 Slay+3
                  | SInv}
  6218 | D:7      | Found a glowing silver altar of Zin.
  6219 | D:7      | Found an opulent altar of Gozag.
  6619 | D:8      | Found a burning altar of Makhleb.
  7039 | D:9      | Reached skill level 10 in Maces & Flails
  7235 | D:9      | Found a snail-covered altar of Cheibriados.
  7302 | D:9      | Noticed an eight-headed hydra
  7302 | D:9      | Noticed a moth of wrath
  7302 | D:9      | Noticed wakim's ghost (journeyman TrFi)
  7312 | D:9      | Found a transporter.
  7344 | D:9      | Noticed a two-headed ogre
  7353 | D:9      | Killed a two-headed ogre
  7399 | D:9      | Found a transporter.
  7497 | D:9      | Found a staircase to the Lair.
  7953 | D:10     | Entered Level 10 of the Dungeon
  8017 | D:10     | Reached XP level 11. HP: 47/69 MP: 11/11
  8437 | D:10     | Reached skill level 11 in Maces & Flails
  8941 | D:10     | Reached *** piety under Ashenzari
  9706 | D:11     | Noticed an eight-headed hydra
  9723 | D:11     | Killed an eight-headed hydra
 10054 | D:11     | Found a staircase to the Orcish Mines.
 10482 | D:11     | Noticed a two-headed ogre
 10497 | D:11     | Killed a two-headed ogre
 10498 | D:11     | Reached skill level 12 in Maces & Flails
 10705 | D:11     | Noticed a four-headed hydra
 10720 | D:11     | Killed a four-headed hydra
 10753 | D:11     | Reached XP level 12. HP: 33/76 MP: 12/12
 11537 | D:12     | Reached **** piety under Ashenzari
 11612 | D:12     | Found a flickering gateway to a bazaar.
 11622 | Bazaar   | Entered a bazaar
 11622 | Bazaar   | Found Tagosogh's Armour Emporium.
 11622 | Bazaar   | Found Daefopna's Weapon Shop.
 11829 | Bazaar   | Found Uhinnixt's Assorted Antiques.
 11833 | Bazaar   | Found Fivvecv Fena's Distillery.
 11847 | Bazaar   | Bought an orange potion for 21 gold pieces
 11847 | Bazaar   | Bought a scroll labelled DEAKUU DYWNATH for 24 gold pieces
 11847 | Bazaar   | Bought an encrusted wooden ring for 120 gold pieces
 11872 | Bazaar   | Found Nitycsud's Antique Weapon Shop.
 11913 | Bazaar   | Bought a potion of heal wounds for 80 gold pieces
 11913 | Bazaar   | Bought a potion of might for 64 gold pieces
 11913 | Bazaar   | Bought a potion of berserk rage for 80 gold pieces
 11913 | Bazaar   | Bought a potion of heal wounds for 80 gold pieces
 11913 | Bazaar   | Bought a potion of haste for 160 gold pieces
 12082 | D:12     | Noticed a boulder beetle
 12102 | D:12     | Killed a boulder beetle
 12180 | D:12     | Reached skill level 10 in Fighting
 13116 | D:11     | Slain by a large abomination

Illustrated notes

Levels and vault maps discovered:
D:1:      roderic_crossed_star, layout_rooms, nrook_campfire
D:2:      layout_rooms, marbit_many_paths, uniq_terence
D:3:      layout_rooms, uniq_natasha
D:4:      layout_loops_ring, nicolae_ru_sacrificial_ziggurat
D:5:      layout_loops_cross, lemuel_round_altar,
          nicolae_dithmenos_shadow_blocks, gammafunk_ghost_hive, basic_altar,
          uniq_menkaure, uniq_edmund, uniq_sigmund
D:6:      layout_basic, okawaru_altar_gauntlet_db, minmay_temple_entry_trees,
          basic_altar, minivault_19
D:7:      layout_basic, grunt_temple_overflow_gold_and_silver,
          david_defended_altar_orc
D:8:      layout_cave_pools, makhleb_heckhound_becter
D:9:      layout_loops_ring, kennysheep_mini_moat, lair_entry_dummy,
          gammafunk_ghost_berserking_beasts
D:10:     layout_basic
D:11:     layout_basic, orc_0_dummy
D:12:     layout_irregular_city, serial_shops, freezing_bzr, laboratory,
          uniq_josephine, uniq_erolcha
Temple:   dshaligram_water_room_temple

Skill      XL: |  1  2  3  4  5  6  7  8  9 10 11 12 |
---------------+-------------------------------------+-----
Armour         | 1 2 3 5 6 7 9 |  9.7
Maces & Flails | 4 5 6 7 9 10 12 | 12.8
Fighting       | 3 4 5 7 8 9 10 | 10.1
Dodging        | 3 4 5 6 7 8 |  8.0
Throwing       | |  1.7

Action                   |  1- 3 |  4- 6 |  7- 9 | 10-12 || total
-------------------------+-------+-------+-------+-------++-------
Melee: Flail             |   120 |   174 |   394 |   863 ||  1551
Throw: Throwing net      |       |       |     2 |     5 ||     7
Invok: Curse Item        |       |       |       |     6 ||     6
  Use: Scroll            |       |       |     7 |     6 ||    13
 Stab: Held in net/web   |       |       |     2 |     3 ||     5
       Sleeping          |       |       |       |     1 ||     1
Armor: Leather armour    |    65 |     6 |       |       ||    71
       Scale mail        |       |    26 |       |       ||    26
       Ring mail         |       |    49 |   201 |   383 ||   633
Dodge: Dodged            |   105 |   129 |   268 |   625 ||  1127

Table legend: (Time is in decaauts)
 A = Elapsed time spent in this place.
 B = Non-inter-level travel time spent in this place.
 C = Inter-level travel time spent in this place.
 D = Time resting spent in this place.
 E = Time spent auto-exploring this place.
 F = Levels seen in this place.
 G = Mean time per level.
                   A        B        C        D        E       F      G
               +--------+--------+--------+--------+--------+-----+--------+
         Total |  13003 |  12427 |    576 |   2931 |   6670 |  14 |  928.8 |
       Dungeon |  12551 |  11998 |    553 |   2742 |   6518 |  12 | 1045.9 |
        Temple |    132 |    109 |     23 |      0 |    109 |   1 |  132.0 |
        Bazaar |    318 |    318 |      0 |    189 |     43 |   1 |  318.0 |
               +--------+--------+--------+--------+--------+-----+--------+

Top non-repeatable levels by time:
    D:11: 2366 daAuts
    D:10: 1647 daAuts
     D:5: 1498 daAuts
     D:9: 1010 daAuts
     D:4: 992 daAuts
     D:6: 943 daAuts
     D:7: 910 daAuts
     D:1: 793 daAuts
     D:8: 673 daAuts
     D:2: 604 daAuts
    D:12: 575 daAuts
     D:3: 535 daAuts
  Bazaar: 318 daAuts
  Temple: 132 daAuts
